 Dungeon Crawl Stone Soup version 0.30-a0-802-gb92711bcdf (webtiles) character file.

Game seed: 17396394861485817064

75 bande the Covered (level 4, -1/29 HPs)
             Began as a Gargoyle Fighter on Feb 23, 2023.
             Killed from afar by Sigmund (7 damage)
             ... with a puff of flame
             ... on level 2 of the Dungeon.
             The game lasted 00:01:12 (899 turns).

bande the Covered (Gargoyle Fighter)                 Turns: 899, Time: 00:01:12

Health: -1/29      AC: 14    Str: 20    XL:     4   Next: 31%
Magic:  4/4        EV:  7    Int:  8    God:
Gold:   40         SH:  4    Dex: 11    Spells: 3/3 levels left

rFire   . . .      SeeInvis .    a - +0 war axe
rCold   + . .      Faith    .    c - +0 buckler
rNeg    + . .      Spirit   .    f - +1 chain mail {rC+}
rPois   ∞          Reflect  .    (no helmet)
rElec   +          Harm     .    (no cloak)
rCorr   .          Rampage  .    (no gloves)
Will    .....                    (no boots) Stlth
                                 (no amulet)
HPRegen 0.24/turn                (no ring)
MPRegen 0.09/turn                (no ring)

@: no status effects
A: sickness immunity, AC +3, negative energy resistance 1, electricity
resistance, torment resistance 1, petrification resistance
a: no special abilities


You were on level 2 of the Dungeon.
You visited 1 branch of the dungeon, and saw 2 of its levels.

You collected 40 gold pieces.

Inventory:

Hand Weapons
 a - a +0 war axe (weapon)
Armour
 c - a +0 buckler (worn)
 f - a +1 chain mail of cold resistance (worn)
Scrolls
 b - 2 scrolls of fog {unknown}
 e - a scroll of teleportation {unknown}
 k - a scroll of identify {unknown}
Potions
 d - 2 potions of might
 g - a potion of mutation {unknown}
 h - 2 potions of curing {unknown}
 i - a potion of haste {unknown}
 j - a potion of berserk rage {unknown}
 l - a potion of cancellation {unknown}


   Skills:
 + Level 3.9 Fighting
 + Level 2.6 Axes
 + Level 4.0 Armour
 - Level 0.1 Stealth
 + Level 3.6 Shields


You had 3 spell levels left.
You didn't know any spells.
Your spell library was empty.

Dungeon Overview and Level Annotations

Branches:
Dungeon (2/15)

Altars:

Annotations:
D:2 Sigmund


Innate Abilities, Weirdness & Mutations

You are immune to sickness and miasma.
Your stone body is resilient. (AC +3)
You are immune to poison.
You resist negative energy. (rN+)
You are resistant to electric shocks. (rElec)
You are resistant to unholy torment.
You are immune to petrification.


Message History

No target in view!
No target in view!
No target in view!
No target in view!
No target in view!
Something hits you but does no damage.
You barely miss something. Something hits you!
You miss something. Something hits you but does no damage.
You miss something.
You hear some strange, mumbled words.
A magic dart appears from out of thin air!
The magic dart hits you.
You closely miss something. Something hits you.
You miss something. Something hits you but does no damage.
You closely miss something. Something hits you but does no damage.
You closely miss something.
You hear some strange, mumbled words.
A puff of flame appears from out of thin air!
The puff of flame hits you.
You barely miss something.
You hear some strange, mumbled words.
You are confused.
You bump into the rock wall.
Something hits you.
You miss something. Something hits you.
You bump into the rock wall.
Something hits you but does no damage.
You're too confused to move!
You closely miss something.
You feel less confused. Something hits you.
* * * LOW HITPOINT WARNING * * *
You barely miss something. Something hits you but does no damage.
You closely miss something. Something hits you.
* * * LOW HITPOINT WARNING * * *
You closely miss something.
Sigmund appears from thin air!
Reactivating autopickup.
You block Sigmund's attack.
You barely miss Sigmund. Sigmund gestures at you while chanting.
The puff of flame hits you!
You die...

########## ###########.
...[.....# #...........
.......#.####.##........
######.#.##...##........
#....#)...####.†......
#.#.#....#### #........
#.#<.....# #@.......
#### #.##...#.#
#@....... ....
#.#....#.# #........
.... ......##.#
#........ ....
..######.# #......!.
#... #........#
...###### #...
.....##### ...# #...
.....# ...# .... .....#
#####


You could see Sigmund.

Vanquished Creatures
  Jessica (D:2)
  Terence (D:2)
  A dart slug (D:2)
  3 bats (D:1)
  2 endoplasms (D:1)
  3 goblins
  A hobgoblin (D:2)
  2 kobolds
  2 quokkas
  2 ball pythons (D:1)
  A frilled lizard (D:1)
  4 rats
23 creatures vanquished.

Notes
Turn   | Place    | Note
-------+----------+-------------------------------------------
     0 | D:1      | bande the Gargoyle Fighter began the quest for the Orb.
     0 | D:1      | Reached XP level 1. HP: 14/14 MP: 1/1
   242 | D:1      | Reached XP level 2. HP: 18/19 MP: 2/2
   554 | D:2      | Noticed Terence
   572 | D:2      | Killed Terence
   573 | D:2      | Reached XP level 3. HP: 13/24 MP: 3/3
   816 | D:2      | Noticed Jessica
   823 | D:2      | Killed Jessica
   824 | D:2      | Reached skill level 4 in Armour
   824 | D:2      | Reached XP level 4. HP: 22/29 MP: 4/4
   877 | D:2      | Noticed Sigmund
   899 | D:2      | Killed from afar by Sigmund

Illustrated notes

Levels and vault maps discovered:
D:1:      lightli_arrival_quake, layout_basic, minmay_misc_feat_four_crosses
D:2:      layout_basic, minmay_misc_feat_diagonals, uniq_jessica, uniq_terence,
          uniq_sigmund

Skill      XL: |  1  2  3 |
---------------+----------+-----
Axes           | 2 |  2.6
Armour         | 4 |  4.0
Fighting       | |  3.9
Stealth        | |  0.1
Shields        | |  3.6

Action                     |  1- 3 |  4- 6 || total
---------------------------+-------+-------++-------
  Melee: War axe           |    70 |    18 ||    88
    Use: Potion            |     2 |       ||     2
 Armour: Scale mail        |    30 |       ||    30
         Chain mail        |     6 |     9 ||    15
  Dodge: Dodged            |    34 |     1 ||    35
  Block: Buckler           |    18 |     3 ||    21

Table legend: (Time is in decaauts)
 A = Elapsed time spent in this place.
 B = Non-inter-level travel time spent in this place.
 C = Inter-level travel time spent in this place.
 D = Time resting spent in this place.
 E = Time spent auto-exploring this place.
 F = Levels seen in this place.
 G = Mean time per level.
                   A        B        C        D        E       F      G
               +--------+--------+--------+--------+--------+-----+--------+
         Total |    936 |    920 |     16 |     51 |    647 |   2 |  468.0 |
       Dungeon |    936 |    920 |     16 |     51 |    647 |   2 |  468.0 |
               +--------+--------+--------+--------+--------+-----+--------+

Top non-repeatable levels by time:
     D:1: 570 daAuts
     D:2: 365 daAuts
